 Dungeon Crawl Stone Soup version 0.27.1-34-g3ba077fa99 (webtiles) character file.

Game seed: 17537773607609155087

3306 Renzlar the Blocker (level 10, 0/82 HPs)
             Began as a Gnoll Fighter on Jan 22, 2022.
             Was a Believer of Okawaru.
             Succumbed to an orc wizard's poison
             ... on level 8 of the Dungeon.
             The game lasted 00:25:12 (6478 turns).

Renzlar the Blocker (Gnoll Fighter)                 Turns: 6478, Time: 00:25:12

Health: 0/82       AC: 12    Str: 18    XL:     10   Next: 1%
Magic:  18/18      EV:  8    Int: 14    God:    Okawaru [**....]
Gold:   299        SH: 12    Dex: 12    Spells: 17/19 levels left

rFire    . . .     SeeInvis .   s - +4 long sword (freeze)
rCold    . . .     Faith    .   i - +1 kite shield
rNeg     . . .     Spirit   .   r - +0 chain mail
rPois    .         Reflect  .   (no helmet)
rElec    .         Harm     .   (no cloak)
rCorr    .         Rampage  .   A - +0 pair of gloves
Will     .....                  (no boots)
Stlth    ..........             (no amulet)
HPRegen  0.23/turn              t - +6 ring of intelligence
MPRegen  0.16/turn              (no ring)

@: lethally poisoned (0 -> -3)
A: fangs 1, strong nose, distributed training
a: Renounce Religion, Heroism


You were on level 8 of the Dungeon.
You worshipped Okawaru.
Okawaru was pleased with you.
You visited 2 branches of the dungeon, and saw 9 of its levels.

You collected 299 gold pieces.

Inventory:

Hand Weapons
 a - a +0 spectral war axe
 c - a +0 hunting sling
 e - a +2 whip of venom
 l - a +3 dagger
 n - a +0 hand crossbow
 s - a +4 long sword of freezing (weapon)
Missiles
 g - 26 poisoned darts (quivered)
 h - 183 stones
 o - 42 sling bullets
 p - 84 bolts
Armour
 b - a +0 scale mail
 i - a +1 kite shield (worn)
 r - a +0 chain mail (worn)
 A - a +0 pair of gloves (worn)
Jewellery
 t - a +6 ring of intelligence (left hand)
Wands
 q - a wand of iceblast (12)
 x - a wand of digging (1)
 y - a wand of acid (7)
Scrolls
 k - a scroll of blinking
 m - 2 scrolls of immolation
 u - a scroll of teleportation
 v - a scroll of fear
 w - 5 scrolls of identify
Potions
 d - 2 potions of might
 f - 3 potions of haste
 j - 2 potions of flight
 B - a potion of magic


   Skills:
 + Level 8.5 Fighting
 + Level 5.3 Short Blades
 + Level 5.3 Long Blades
 + Level 7.1 Axes
 + Level 5.3 Maces & Flails
 + Level 5.3 Polearms
 + Level 5.3 Staves
 + Level 5.3 Slings
 + Level 5.3 Bows
 + Level 5.3 Crossbows
 + Level 5.3 Throwing
 + Level 8.5 Armour
 + Level 5.3 Dodging
 + Level 5.3 Stealth
 + Level 8.5 Shields
 + Level 5.3 Unarmed Combat
 + Level 5.3 Spellcasting
 + Level 4.4 Conjurations
 + Level 4.4 Hexes
 + Level 4.4 Summonings
 + Level 4.4 Necromancy
 + Level 4.4 Translocations
 + Level 4.4 Transmutations
 + Level 4.4 Fire Magic
 + Level 4.4 Ice Magic
 + Level 4.4 Air Magic
 + Level 4.4 Earth Magic
 + Level 4.4 Poison Magic
 + Level 5.8 Invocations
 + Level 5.3 Evocations


You had 17 spell levels left.
You knew the following spells:

 Your Spells              Type           Power      Damage    Failure   Level
a - Wereblood             Tmut           16%        N/A       65%         2

Your spell library contained the following spells:

 Spells                   Type           Power      Damage    Failure   Level
 Passwall                 Tmut/Erth      13%        N/A       65%         2
 Sublimation of Blood     Necr           8%         N/A       65%         2
 Swiftness                Air            16%        N/A       87%         3
 Invisibility             Hex            8%         N/A       100%        6
 Summon Hydra             Summ           8%         N/A       100%        7


Dungeon Overview and Level Annotations

Branches:
Dungeon (8/15)             Temple (1/1) D:5
   Lair: D:8-11

Altars:
Ashenzari
Cheibriados
Dithmenos
Elyvilon
Fedhas
Gozag
Okawaru
Qazlal
Ru
Trog
Vehumet
Wu Jian
Xom
Zin
Lugonu

Shops:
D:5 (


Innate Abilities, Weirdness & Mutations

You have very sharp teeth.
Your uncanny sense of smell can sniff out nearby items.
Your experience applies equally to all skills.


Message History

The orc wizard is moderately wounded.
You feel very sick.
The orc wizard hits you with a +0 dagger of venom.
* * * LOW HITPOINT WARNING * * *
You are lethally poisoned!
The orc closely misses you. The orc wizard barely misses you.
You riposte.
You slash the orc wizard! You freeze the orc wizard.
You kill the orc wizard!
Okawaru accepts your kill.
Okay, then.
You slash the orc! You freeze the orc.
You kill the orc!
Okawaru accepts your kill.
* * * LOW HITPOINT WARNING * * *
You feel extremely sick. You block the orc's attack.
Unknown command.
You slash the orc! You freeze the orc.
You kill the orc!
Okawaru accepts your kill.
* * * LOW HITPOINT WARNING * * *
You feel very sick.
* * * LOW HITPOINT WARNING * * *
You feel very sick.
Items here: ! ))) [ †.
* * * LOW HITPOINT WARNING * * *
You feel very sick.
Things that are here:
a +0 mace; a +0 plate armour
* * * LOW HITPOINT WARNING * * *
You feel sick.
You see here a stone.
* * * LOW HITPOINT WARNING * * *
You feel sick.
* * * LOW HITPOINT WARNING * * *
You feel sick.
You see here a stone.
* * * LOW HITPOINT WARNING * * *
You feel sick.
You die...

########## ##.........
#####.........! #
#........#########.#####
#...<....##.()))).(.....
#..#.....##(######...###
#..#........# .##
.........##.@# .#
..###+###+###'# ∆ .. #.#
.#. .# # ∆ .. .. # ###
..' ∆ ..#. ∆ ..#.# ##+ #


There were no monsters in sight!

Vanquished Creatures
  Pikel (D:4)
  Sigmund (D:3)
  A water moccasin (D:6)
  A hornet zombie (D:6)
  2 orc warriors
  3 sky beasts
  2 ogres (D:5)
  A necrophage (D:6)
  2 centaurs
  2 phantoms (D:7)
  A kobold brigand (D:7)
  A bullfrog (D:7)
  2 wyvern zombies (D:7)
  4 scorpions
  A wyvern skeleton (D:6)
  4 wights (D:7)
  3 howler monkeys
  3 centaur zombies
  A hound (D:6)
  2 orc priests
  A centaur skeleton (D:4)
  3 iguanas
  A scorpion zombie (D:5)
  4 orc wizards
  A hound skeleton (D:4)
  A howler monkey zombie (D:5)
  6 adders
  2 white imps
  5 dart slugs
  7 orcs
  3 bats
  5 endoplasms
  3 giant cockroaches
  5 goblins
  13 hobgoblins
  12 kobolds
  2 quokkas
  3 ball pythons
  6 rats
121 creatures vanquished.

Notes
Turn   | Place    | Note
-------+----------+-------------------------------------------
     0 | D:1      | Renzlar the Gnoll Fighter began the quest for the Orb.
     0 | D:1      | Reached XP level 1. HP: 23/23 MP: 1/1
   172 | D:1      | Reached XP level 2. HP: 29/29 MP: 2/2
   670 | D:2      | Reached XP level 3. HP: 33/35 MP: 3/3
   685 | D:1      | Reached skill level 5 in Axes
   685 | D:1      | Reached XP level 4. HP: 43/43 MP: 3/9
  1595 | D:3      | Noticed a scorpion
  1602 | D:3      | Killed a scorpion
  1603 | D:3      | Reached XP level 5. HP: 43/49 MP: 10/10
  1971 | D:3      | Noticed Sigmund
  1989 | D:3      | Killed Sigmund
  1990 | D:3      | Reached XP level 6. HP: 21/56 MP: 11/11
  2223 | D:3      | Found a shadowy altar of Dithmenos.
  2570 | D:4      | Learned a level 2 spell: Wereblood
  2740 | D:4      | Found a shimmering altar of Xom.
  2742 | D:4      | Found a shimmering altar of Xom.
  2742 | D:4      | Found a shimmering altar of Xom.
  2752 | D:4      | Noticed Pikel
  2777 | D:4      | Killed Pikel
  2778 | D:4      | Reached XP level 7. HP: 58/61 MP: 13/13
  2778 | D:4      | Reached XP level 8. HP: 64/68 MP: 14/14
  3056 | D:4      | Found a stormy altar of Qazlal.
  3065 | D:4      | Found a snail-covered altar of Cheibriados.
  3162 | D:5      | Entered Level 5 of the Dungeon
  3286 | D:5      | Found a staircase to the Ecumenical Temple.
  3292 | Temple   | Entered the Ecumenical Temple
  3306 | Temple   | Became a worshipper of Warmaster Okawaru
  3472 | D:5      | Found Zuyneh's Weapon Boutique.
  3892 | D:5      | Reached skill level 5 in Invocations
  3917 | D:5      | Found an opulent altar of Gozag.
  3988 | D:5      | Found a glowing silver altar of Zin.
  4371 | D:6      | Reached * piety under Okawaru
  4478 | D:6      | Reached XP level 9. HP: 63/74 MP: 16/16
  4575 | D:6      | Found a white marble altar of Elyvilon.
  4665 | D:6      | Found a sacrificial altar of Ru.
  5004 | D:6      | Reached skill level 5 in Short Blades
  5004 | D:6      | Reached skill level 5 in Long Blades
  5004 | D:6      | Reached skill level 5 in Maces & Flails
  5004 | D:6      | Reached skill level 5 in Polearms
  5004 | D:6      | Reached skill level 5 in Staves
  5004 | D:6      | Reached skill level 5 in Slings
  5004 | D:6      | Reached skill level 5 in Bows
  5004 | D:6      | Reached skill level 5 in Crossbows
  5004 | D:6      | Reached skill level 5 in Throwing
  5004 | D:6      | Reached skill level 5 in Dodging
  5004 | D:6      | Reached skill level 5 in Stealth
  5004 | D:6      | Reached skill level 5 in Unarmed Combat
  5004 | D:6      | Reached skill level 5 in Spellcasting
  5004 | D:6      | Reached skill level 5 in Evocations
  5246 | D:7      | Reached ** piety under Okawaru
  5472 | D:7      | Identified the +11 battleaxe of the Big Bang {protect,
                  | Str+4}
  6355 | D:8      | Reached XP level 10. HP: 61/82 MP: 17/17
  6474 | D:8      | HP: 4/82 [poisoned by an orc wizard]
  6476 | D:8      | HP: 1/82 [poisoned by an orc wizard]
  6478 | D:8      | Succumbed to an orc wizard's poison

Illustrated notes

Levels and vault maps discovered:
D:1:      dpeg_arrival_rooms_with_view, layout_basic
D:2:      layout_loops_cross
D:3:      layout_rooms, lemuel_tele_altar, nrook_mini_backslash,
          serial_bayou_pond_d, minmay_misc_feat_encased, item_on_display_a,
          uniq_sigmund
D:4:      layout_cave_pools, minitemple, xom_redecorated, serial_bayou_pond_e,
          hangedman_decor_push, uniq_pikel
D:5:      layout_loops_cross, pdpol_temple_overflow_zin_treasury_gozag_greed,
          minmay_temple_entry_fiery, serial_shops, kennysheep_mini,
          minmay_curled_crystal
D:6:      minmay_skewed_foursquare, layout_basic,
          mainiacjoe_overflow_six_doors_small, elyvilon_altar_1
D:7:      layout_rooms
D:8:      layout_loops_ring, mainiacjoe_overflow_24_doors,
          eat_drink_and_be_merry_uskayaw, hangedman_decor_points,
          nicolae_shop_gadgets
Temple:   corrupted_temple

Skill      XL: |  1  2  3  4  5  6  7  8  9 |
---------------+----------------------------+-----
Fighting       | 7 8 |  8.5
Short Blades   | 3 4 5 |  5.3
Long Blades    | 3 4 5 |  5.3
Axes           | 5 6 7 |  7.1
Maces & Flails | 3 4 5 |  5.3
Polearms       | 3 4 5 |  5.3
Staves         | 3 4 5 |  5.3
Slings         | 3 4 5 |  5.3
Bows           | 3 4 5 |  5.3
Crossbows      | 3 4 5 |  5.3
Throwing       | 3 4 5 |  5.3
Armour         | 7 8 |  8.5
Dodging        | 3 4 5 |  5.3
Stealth        | 3 4 5 |  5.3
Shields        | 7 8 |  8.5
Unarmed Combat | 3 4 5 |  5.3
Spellcasting   | 3 4 5 |  5.3
Conjurations   | 3 4 |  4.4
Hexes          | 3 4 |  4.4
Summonings     | 3 4 |  4.4
Necromancy     | 3 4 |  4.4
Translocations | 3 4 |  4.4
Transmutations | 3 4 |  4.4
Fire Magic     | 3 4 |  4.4
Ice Magic      | 3 4 |  4.4
Air Magic      | 3 4 |  4.4
Earth Magic    | 3 4 |  4.4
Poison Magic   | 3 4 |  4.4
Invocations    | 4 5 |  5.8
Evocations     | 3 4 5 |  5.3

Action                   |  1- 3 |  4- 6 |  7- 9 | 10-12 || total
-------------------------+-------+-------+-------+-------++-------
Melee: War axe           |    54 |    55 |   127 |       ||   236
       Bite              |     8 |     9 |    11 |     4 ||    32
       Whip              |       |    38 |       |       ||    38
       Long sword        |       |       |     9 |    14 ||    23
 Fire: Hunting sling     |       |    25 |    98 |     2 ||   125
Throw: Stone             |       |    16 |       |       ||    16
       Dart              |       |     3 |     3 |       ||     6
Invok: Heroism           |       |       |     2 |       ||     2
  Use: Scroll            |     1 |    12 |     5 |       ||    18
       Potion            |     1 |     2 |     3 |       ||     6
 Stab: Distracted        |       |       |     3 |       ||     3
Armor: Scale mail        |    15 |    32 |       |       ||    47
       Chain mail        |       |     3 |    36 |    14 ||    53
Dodge: Dodged            |    15 |    22 |    35 |     5 ||    77
Block: Kite shield       |    27 |    38 |    60 |     8 ||   133
       Rpst.: Long sword |       |       |     2 |     2 ||     4
